 Dungeon Crawl Stone Soup version 0.28.0-45-g0d030f2227 (webtiles) character file.

Game seed: 8803598792829238912

44 RascalDebosk the Chopper (level 3, -1/33 HPs)
             Began as a Minotaur Berserker on Apr 10, 2022.
             Was a Believer of Trog.
             Slain by Sigmund
             ... wielding a +0 scythe
              (7 damage)
             ... on level 2 of the Dungeon.
             The game lasted 00:11:25 (1579 turns).

RascalDebosk the Chopper (Minotaur Berserker)       Turns: 1579, Time: 00:11:26

Health: -1/33      AC:  3    Str: 23    XL:     3   Next: 39%
Magic:  2/2        EV: 12    Int:  4    God:    Trog [**....]
Gold:   40         SH:  0    Dex:  9    Spells: 2/2 levels left

rFire   . . .      SeeInvis .   a - +0 hand axe
rCold   . . .      Faith    .   (no shield)
rNeg    . . .      Spirit   .   g - +0 robe
rPois   .          Reflect  .   (helmet restricted)
rElec   .          Harm     .   (no cloak)
rCorr   .          Rampage  .   (no gloves)
Will    .....                   b - +0 pair of boots
Stlth   +.........              (no amulet)
HPRegen 0.11/turn               (no ring)
MPRegen 0.08/turn               (no ring)

@: confused, on berserk cooldown, slowed, very slow
A: horns 2, retaliatory headbutt
a: Renounce Religion, Berserk, Trog's Hand


You were on level 2 of the Dungeon.
You worshipped Trog.
Trog was pleased with you.
You visited 1 branch of the dungeon, and saw 2 of its levels.

You collected 40 gold pieces.

Inventory:

Hand Weapons
 a - a +0 hand axe (weapon)
Missiles
 h - 4 javelins (quivered)
Armour
 b - a +0 pair of boots (worn)
 g - a +0 robe (worn)
Scrolls
 e - a scroll of vulnerability {unknown}
Potions
 c - a potion of might {unknown}
 d - a potion of attraction {unknown}
 f - a potion of mutation {unknown}
 i - a potion of invisibility {unknown}


   Skills:
 + Level 4.0 Fighting
 + Level 4.1 Axes
 + Level 1.1 Throwing
 + Level 3.0 Armour
 - Level 2.1 Dodging
 + Level 1.0 Evocations


You had 2 spell levels left.
You didn't know any spells.
Your spell library was empty.

Dungeon Overview and Level Annotations

Branches:
Dungeon (2/15)

Altars:

Annotations:
D:2 Sigmund


Innate Abilities, Weirdness & Mutations

You have a pair of horns on your head.
You reflexively headbutt those who attack you in melee.


Message History

You hit the kobold.
You kill the kobold!
Trog accepts your kill.
Welcome back, RascalDebosk the Minotaur Berserker.
Trog says: Kill them all!
Press ? for a list of commands and other information.
You see here a +0 club.
You now have 40 gold pieces (gained 3).
Sigmund the Dreaded comes into view.
He is wielding a +0 scythe.
Sigmund shouts!
Sigmund looks at you with fury.
Sigmund gestures wildly while chanting.
Sigmund flickers and vanishes!
Deactivating autopickup; reactivate with Ctrl-A.
A hobgoblin comes into view.
The hobgoblin moves out of view.
You hear some strange, mumbled words.
Something tries to affect you, but you resist.
A red film seems to cover your vision as you go berserk!
You feel yourself moving faster!
You feel mighty!
You feel a strong urge to attack something.
Something barely misses you.
You hit something. You barely miss something. Your headbutt misses something.
Something hits you!
You closely miss something. You slash something! You miss something.
Something hits you!
You miss something. You slash something! Something hits you!
You barely miss something. Your headbutt misses something.
You barely miss something.
You hear some strange, mumbled words.
You are confused.
You bump into the rock wall.
You are no longer berserk.
You are exhausted.
You feel yourself slow down. Something hits you.
* * * LOW HITPOINT WARNING * * *
You miss something. Something hits you!
You die...

#.........#
#..##.###.#
#..##.###.#
#.........#
### ##
#.###.###.#
#.. ..
#.........#
#.##.
#####.#####
#.#. #
#.#######.. .#
#...@{..#.# .{
#######.#.##.#
#.#.....#.#
##.#.{....#
######.### #
....


There were no monsters in sight!

Vanquished Creatures
  A dart slug (D:1)
  2 bats (D:1)
  5 endoplasms (D:1)
  2 giant cockroaches
  2 goblins (D:1)
  3 hobgoblins (D:1)
  3 jackals (D:1)
  5 kobolds
  A quokka (D:1)
  8 ball pythons (D:1)
  6 frilled lizards (D:1)
  A rat (D:1)
39 creatures vanquished.

Vanquished Creatures (others)
  A plant (D:1)
1 creature vanquished.

Grand Total: 40 creatures vanquished

Notes
Turn   | Place    | Note
-------+----------+-------------------------------------------
     0 | D:1      | RascalDebosk the Minotaur Berserker began the quest for the
                  | Orb.
     0 | D:1      | Reached XP level 1. HP: 19/19 MP: 0/0
    20 | D:1      | Reached XP level 2. HP: 20/27 MP: 1/1
   385 | D:1      | Reached skill level 1 in Throwing
   425 | D:1      | Reached XP level 3. HP: 31/33 MP: 2/2
   474 | D:1      | Reached ** piety under Trog
  1299 | D:1      | Found a faded altar of an unknown god.
  1477 | D:2      | Reached skill level 1 in Evocations
  1556 | D:2      | Noticed Sigmund
  1579 | D:2      | Slain by Sigmund

Illustrated notes

Levels and vault maps discovered:
D:1:      scummos_arrival_hexagon, layout_basic, serial_forest,
          infiniplex_forest_lined_corner, infiniplex_forest_lined_corner,
          infiniplex_forest_lined_2, infiniplex_forest_clump_long,
          infiniplex_forest_straight_5, infiniplex_forest_clump_double,
          dreamdust_ecumenical_altar_hidden_monk_grotto, minmay_cupped
D:2:      layout_loops_corners, kennysheep_generic_room_4, uniq_sigmund,
          uniq_crazy_yiuf_cottage

Skill      XL: |  1  2  3 |
---------------+----------+-----
Throwing       | 1 |  1.1
Axes           | 4 |  4.1
Fighting       | 4 |  4.0
Armour         | 3 |  3.0
Evocations     | 1 |  1.0
Dodging        | |  2.1

Action                   || total
-------------------------++-------
Melee: Hand axe          ||    85
       Headbutt          ||     6
Invok: Berserk           ||     1
Armor: Animal skin       ||    13
       Robe              ||     7
Dodge: Dodged            ||    51
